| TOP OF THE 1ST |
|
San Antonio Missions batting - Pitching for Springfield Cardinals : RHP Dantae Elizondo
|
|
Pitching: RHP Dantae Elizondo
|
|
|
Batting: LHB Tsutomu Miyahara
|
0-0: Swinging Strike 0-1: Foul Ball, location: 2F 0-2: Strikes out swinging
|
|
Batting: LHB Ryan Flynn Jr.
|
0-0: Called Strike 0-1: Ball 1-1: Called Strike 1-2: Ball 2-2: Fly out, F8 (Flyball, 78D, EV 92.5 MPH)
|
|
Batting: RHB Ryan Flynn
|
0-0: Hit by Pitch
|
|
Batting: LHB Javy Portela
|
0-0: Called Strike 0-1: Called Strike Ryan Flynn steals 2nd, throwing error, E2 Ryan Flynn to third 0-2: Ball 1-2: Fly out, F7 (Flyball, 78D, EV 100.6 MPH)
|
| Top of the 1st over - 0 runs, 0 hits, 1 error, 1 left on base; San Antonio 0 - Springfield 0 |
| BOTTOM OF THE 1ST |
|
Springfield Cardinals batting - Pitching for San Antonio Missions : RHP Jesus Elizondo
|
|
Pitching: RHP Jesus Elizondo
|
|
|
Batting: RHB Josh Martin
|
0-0: Foul Ball, location: 2F 0-1: Ball 1-1: Swinging Strike 1-2: Ball 2-2: Foul Ball, location: 2F 2-2: DOUBLE (Groundball, 5L, EV 109.4 MPH)
|
|
Batting: LHB Robert Rauda
|
0-0: Ball 1-0: Ball 2-0: Foul Ball, location: 2F 2-1: Ball Josh Martin steals 3rd base 3-1: Base on Balls
|
|
Batting: RHB Josh Lyon
|
0-0: Called Strike 0-1: Called Strike 0-2: Ball 1-2: Foul Ball, location: 2F 1-2: Grounds into double play, 5-4-3 (Groundball, 56, EV 108.1 MPH) Josh Martin scores
|
|
Batting: LHB Chris Raymond
|
0-0: Called Strike 0-1: Ground out U3 (Groundball, 34, EV 108.8 MPH)
|
| Bottom of the 1st over - 1 run, 1 hit, 0 errors, 0 left on base; San Antonio 0 - Springfield 1 |
| TOP OF THE 2ND |
|
San Antonio Missions batting - Pitching for Springfield Cardinals : RHP Dantae Elizondo
|
|
Batting: RHB Scott Schwartz
|
0-0: Foul Ball, location: 2F 0-1: Ball 1-1: Foul Ball, location: 2F 1-2: Foul Ball, location: 2F 1-2: Ball 2-2: Fly out, F7 (Flyball, 7LS, EV 94.4 MPH)
|
|
Batting: SHB Curtis Thompson
|
0-0: Ball 1-0: Called Strike 1-1: Ball 2-1: Ground out 5-3 (Groundball, 6, EV 106.2 MPH)
|
|
Batting: RHB Kyle Davis
|
0-0: Called Strike 0-1: Ball 1-1: DOUBLE (Flyball, 78XD, EV 109.4 MPH)
|
|
Batting: LHB Josh Slusarczyk
|
0-0: Swinging Strike 0-1: Hit by Pitch
|
|
Batting: RHB Nate Burkhalter
|
0-0: Called Strike 0-1: Ball 1-1: Called Strike 1-2: Strikes out looking
|
| Top of the 2nd over - 0 runs, 1 hit, 0 errors, 2 left on base; San Antonio 0 - Springfield 1 |
| BOTTOM OF THE 2ND |
|
Springfield Cardinals batting - Pitching for San Antonio Missions : RHP Jesus Elizondo
|
|
Batting: RHB Bryan Wheeler
|
0-0: Called Strike 0-1: SINGLE (Groundball, 6MD, EV 107.5 MPH)
|
|
Batting: RHB Dan Boykins
|
0-0: Ball 1-0: Grounds into double play, 4-6-3 (Groundball, 4S, EV 86.9 MPH)
|
|
Batting: RHB Daniel Samano
|
0-0: Called Strike 0-1: Foul Ball, location: 2F 0-2: Ball 1-2: Ball 2-2: Strikes out looking
|
| Bottom of the 2nd over - 0 runs, 1 hit, 0 errors, 0 left on base; San Antonio 0 - Springfield 1 |
| TOP OF THE 3RD |
|
San Antonio Missions batting - Pitching for Springfield Cardinals : RHP Dantae Elizondo
|
|
Batting: LHB Tsutomu Miyahara
|
0-0: Ball 1-0: SINGLE (Groundball, 3S, EV 70.0 MPH) (infield hit)
|
|
Batting: LHB Ryan Flynn Jr.
|
0-0: Ball 1-0: Foul Ball, location: 2F 1-1: Ball 2-1: Ball 3-1: SINGLE (Line Drive, 56D, EV 110.6 MPH) Tsutomu Miyahara to second Runner from 2nd tries for 3rd, SAFE, throw by LF made to third
|
|
Batting: RHB Ryan Flynn
|
0-0: Called Strike Ryan Flynn Jr. steals 2nd base 0-1: Foul Ball, location: 2F 0-2: Ball 1-2: DOUBLE (Line Drive, 89M, EV 87.5 MPH) Tsutomu Miyahara scores Ryan Flynn Jr. scores
|
|
Batting: LHB Javy Portela
|
0-0: Ball 1-0: Ground out 4-3 (Groundball, 34, EV 97.5 MPH) Ryan Flynn to third
|
|
Batting: RHB Scott Schwartz
|
0-0: Called Strike 0-1: SINGLE (Groundball, 5D, EV 107.5 MPH) Ryan Flynn scores
|
|
Batting: SHB Curtis Thompson
|
0-0: Ball 1-0: Ball Scott Schwartz steals 2nd base 2-0: Foul Ball, location: 2F 2-1: Ball 3-1: Foul Ball, location: 2F 3-2: Fly out, F7 (Flyball, 7D, EV 76.2 MPH)
|
|
Batting: RHB Kyle Davis
|
0-0: Fly out, F8 (Flyball, 78XD, EV 101.2 MPH)
|
| Top of the 3rd over - 3 runs, 4 hits, 0 errors, 1 left on base; San Antonio 3 - Springfield 1 |
| BOTTOM OF THE 3RD |
|
Springfield Cardinals batting - Pitching for San Antonio Missions : RHP Jesus Elizondo
|
|
Pitching: RHP Tristan Vollmer
|
|
|
Batting: RHB Javier Ochoa
|
0-0: Ball 1-0: Ball 2-0: Ball 3-0: Called Strike 3-1: Foul Ball, location: 2F 3-2: SINGLE (Groundball, 4D, EV 96.9 MPH)
|
|
Batting: SHB Josh Conner
|
0-0: Foul Ball, location: 2F 0-1: Foul Ball, location: 2F 0-2: Ball 1-2: Ball 2-2: Strikes out swinging
|
|
Batting: RHB Josh Martin
|
0-0: Ball 1-0: Fly out, F9 (Line Drive, 9, EV 90.0 MPH)
|
|
Batting: LHB Robert Rauda
|
0-0: Ball 1-0: Swinging Strike 1-1: Swinging Strike 1-2: Ball 2-2: Ball 3-2: Strikes out looking
|
| Bottom of the 3rd over - 0 runs, 1 hit, 0 errors, 1 left on base; San Antonio 3 - Springfield 1 |
| TOP OF THE 4TH |
|
San Antonio Missions batting - Pitching for Springfield Cardinals : RHP Dantae Elizondo
|
|
Batting: LHB Josh Slusarczyk
|
0-0: Ground out U3 (Groundball, 3, EV 90.0 MPH)
|
|
Batting: RHB Nate Burkhalter
|
0-0: Ball 1-0: Foul Ball, location: 2F 1-1: Ball 2-1: Ball 3-1: Foul Ball, location: 2F 3-2: SINGLE (Line Drive, 8LM, EV 93.1 MPH)
|
|
Batting: LHB Tsutomu Miyahara
|
0-0: Called Strike 0-1: Ball 1-1: Ball 2-1: Ball 3-1: Called Strike 3-2: Foul Ball, location: 2F 3-2: Fielders Choice at 2nd, 4-6 (Groundball, 4, EV 81.9 MPH)
|
|
Batting: LHB Ryan Flynn Jr.
|
0-0: Ball 1-0: Ball 2-0: Ground out 4-3 (Groundball, 4, EV 80.6 MPH)
|
| Top of the 4th over - 0 runs, 1 hit, 0 errors, 1 left on base; San Antonio 3 - Springfield 1 |
| BOTTOM OF THE 4TH |
|
Springfield Cardinals batting - Pitching for San Antonio Missions : RHP Tristan Vollmer
|
|
Now at 3B: Ryohei Nakano
|
|
|
Batting: RHB Josh Lyon
|
0-0: Ball 1-0: Ground out 5-3 (Groundball, 56S, EV 76.2 MPH)
|
|
Batting: LHB Chris Raymond
|
0-0: Swinging Strike 0-1: Swinging Strike 0-2: Ball 1-2: Ball 2-2: Ball 3-2: Fly out, F9 (Flyball, 9LM, EV 109.4 MPH)
|
|
Batting: RHB Bryan Wheeler
|
0-0: Ground out 5-3 (Groundball, 56S, EV 61.2 MPH)
|
| Bottom of the 4th over - 0 runs, 0 hits, 0 errors, 0 left on base; San Antonio 3 - Springfield 1 |
| TOP OF THE 5TH |
|
San Antonio Missions batting - Pitching for Springfield Cardinals : RHP Dantae Elizondo
|
|
Batting: RHB Ryan Flynn
|
0-0: Ball 1-0: Ball 2-0: Ball 3-0: Called Strike 3-1: Fly out, F9 (Line Drive, 9, EV 97.5 MPH)
|
|
Batting: LHB Javy Portela
|
0-0: Foul Ball, location: 2F 0-1: Ball 1-1: Ball 2-1: Foul Ball, location: 2F 2-2: Ground out U3 (Groundball, 34, EV 100.6 MPH)
|
|
Batting: RHB Scott Schwartz
|
0-0: Ball 1-0: Called Strike 1-1: Ball 2-1: Ground out 3-1 (Groundball, 34S, EV 90.0 MPH)
|
| Top of the 5th over - 0 runs, 0 hits, 0 errors, 0 left on base; San Antonio 3 - Springfield 1 |
| BOTTOM OF THE 5TH |
|
Springfield Cardinals batting - Pitching for San Antonio Missions : RHP Tristan Vollmer
|
|
Batting: RHB Dan Boykins
|
0-0: Ball 1-0: Ball 2-0: Ball 3-0: Base on Balls
|
|
Batting: RHB Daniel Samano
|
0-0: Ball 1-0: Ball 2-0: Called Strike 2-1: Called Strike 2-2: Fielders Choice at 2nd, 1-4 (Groundball, P, EV 66.2 MPH)
|
|
Batting: RHB Javier Ochoa
|
0-0: Called Strike 0-1: Ball Daniel Samano steals 2nd base 1-1: Called Strike 1-2: Ball 2-2: 2-RUN HOME RUN (Flyball, 7LD, EV 95.0 MPH), Distance : 344 ft
|
|
Pitching: RHP David Deon
|
|
|
Batting: SHB Josh Conner
|
0-0: Ground out 6-3 (Groundball, 56, EV 87.5 MPH)
|
|
Batting: RHB Josh Martin
|
0-0: Ball 1-0: Foul Ball, location: 2F 1-1: SINGLE (Groundball, 25, EV 68.1 MPH) (infield hit)
|
|
Batting: LHB Robert Rauda
|
0-0: Ball Josh Martin steals 2nd base 1-0: Fly out, F5 (Popup, 5SF, EV 85.6 MPH)
|
| Bottom of the 5th over - 2 runs, 2 hits, 0 errors, 1 left on base; San Antonio 3 - Springfield 3 |
| TOP OF THE 6TH |
|
San Antonio Missions batting - Pitching for Springfield Cardinals : RHP Dantae Elizondo
|
|
Batting: SHB Curtis Thompson
|
0-0: Fly out, F8 (Flyball, 8RS, EV 89.4 MPH)
|
|
Batting: RHB Kyle Davis
|
0-0: Called Strike 0-1: Ball 1-1: SINGLE (Flyball, 56D, EV 92.5 MPH)
|
|
Batting: LHB Josh Slusarczyk
|
0-0: Ball 1-0: Foul Ball, location: 2F 1-1: Ball 2-1: Fly out, F6 (Flyball, 6MD, EV 90.0 MPH)
|
|
Batting: SHB Ryohei Nakano
|
0-0: Ball 1-0: Called Strike 1-1: Ball 2-1: SINGLE (Line Drive, 34, EV 103.8 MPH) Kyle Davis to second
|
|
Batting: LHB Tsutomu Miyahara
|
0-0: Ball 1-0: Ball 2-0: Ball 3-0: Base on Balls Kyle Davis to third Ryohei Nakano to second
|
|
Batting: LHB Ryan Flynn Jr.
|
0-0: Foul Ball, location: 2F 0-1: Foul Ball, location: 2F 0-2: Ball 1-2: Ball 2-2: Ball 3-2: SINGLE (Groundball, 4, EV 95.6 MPH) Kyle Davis scores Ryohei Nakano to third Tsutomu Miyahara to second Ryohei Nakano scores Tsutomu Miyahara to third
|
|
Pitching: RHP Perry Cashwell
|
|
|
Batting: RHB Ryan Flynn
|
0-0: Ball Ryan Flynn Jr. is caught stealing 2nd base 2-4
|
| Top of the 6th over - 2 runs, 3 hits, 0 errors, 1 left on base; San Antonio 5 - Springfield 3 |
| BOTTOM OF THE 6TH |
|
Springfield Cardinals batting - Pitching for San Antonio Missions : RHP David Deon
|
|
Batting: RHB Josh Lyon
|
0-0: Ball 1-0: Called Strike 1-1: Called Strike 1-2: SINGLE (Groundball, 6MD, EV 100.6 MPH)
|
|
Batting: LHB Chris Raymond
|
0-0: Ball 1-0: Ground out 6-3 (Groundball, 56, EV 100.6 MPH) Josh Lyon to second
|
|
Batting: RHB Bryan Wheeler
|
0-0: Called Strike 0-1: Reached on error, E6 (Groundball, 6M, EV 77.5 MPH) Josh Lyon to third
|
|
Batting: RHB Dan Boykins
|
0-0: Ball Wild Pitch! Josh Lyon scores Bryan Wheeler to second 1-0: Ball 2-0: Fly out, F9 (Flyball, 9, EV 81.9 MPH)
|
|
Batting: RHB Daniel Samano
|
0-0: Called Strike 0-1: SINGLE (Line Drive, 78M, EV 89.4 MPH) Bryan Wheeler to third Runner from 3rd tries for Home, throw by LF and OUT! 7-2
|
| Bottom of the 6th over - 1 run, 2 hits, 1 error, 1 left on base; San Antonio 5 - Springfield 4 |
| TOP OF THE 7TH |
|
San Antonio Missions batting - Pitching for Springfield Cardinals : RHP Perry Cashwell
|
|
Batting: RHB Ryan Flynn
|
0-0: Foul Ball, location: 2F 0-1: Swinging Strike 0-2: Strikes out swinging
|
|
Batting: LHB Javy Portela
|
0-0: Ball 1-0: Ground out 5-3 (Groundball, 56, EV 99.4 MPH)
|
|
Batting: RHB Scott Schwartz
|
0-0: Called Strike 0-1: Ball 1-1: Fly out, F4 (Popup, 23, EV 89.4 MPH)
|
| Top of the 7th over - 0 runs, 0 hits, 0 errors, 0 left on base; San Antonio 5 - Springfield 4 |
| BOTTOM OF THE 7TH |
|
Springfield Cardinals batting - Pitching for San Antonio Missions : RHP David Deon
|
|
Batting: RHB Javier Ochoa
|
0-0: Called Strike 0-1: Ground out 5-3 (Groundball, 56, EV 90.0 MPH)
|
|
Batting: SHB Josh Conner
|
0-0: Called Strike 0-1: Ball 1-1: Ball 2-1: Called Strike 2-2: Ball 3-2: SINGLE (Groundball, 4MD, EV 106.2 MPH)
|
|
Batting: RHB Josh Martin
|
0-0: Called Strike 0-1: Foul Ball, location: 2F 0-2: Ball 1-2: Ball 2-2: Foul Ball, location: 2F 2-2: Grounds into double play, 6-4-3 (Groundball, 6, EV 78.1 MPH)
|
| Bottom of the 7th over - 0 runs, 1 hit, 0 errors, 0 left on base; San Antonio 5 - Springfield 4 |
| TOP OF THE 8TH |
|
San Antonio Missions batting - Pitching for Springfield Cardinals : RHP Perry Cashwell
|
|
Pitching: RHP Mike Foulger
|
|
|
Batting: SHB Curtis Thompson
|
0-0: Called Strike 0-1: Ball 1-1: Foul Ball, location: 2F 1-2: Ball 2-2: Foul Ball, location: 2F 2-2: Ball 3-2: Base on Balls
|
|
Batting: RHB Kyle Davis
|
0-0: Bunt missed! 0-1: Ball 1-1: Bunted foul 1-2: Strikes out swinging
|
|
Batting: LHB Josh Slusarczyk
|
0-0: Ball 1-0: Ball Curtis Thompson is caught stealing 2nd base 2-6 2-0: Foul Ball, location: 2F 2-1: Fly out, F7 (Flyball, 7S, EV 84.4 MPH)
|
| Top of the 8th over - 0 runs, 0 hits, 0 errors, 0 left on base; San Antonio 5 - Springfield 4 |
| BOTTOM OF THE 8TH |
|
Springfield Cardinals batting - Pitching for San Antonio Missions : RHP David Deon
|
|
Pitching: RHP Travis White
|
|
|
Batting: LHB Robert Rauda
|
0-0: Swinging Strike 0-1: Fly out, F5 (Popup, 5SF, EV 70.0 MPH)
|
|
Batting: RHB Josh Lyon
|
0-0: Ball 1-0: Swinging Strike 1-1: Foul Ball, location: 2F 1-2: Ball 2-2: SINGLE (Line Drive, 8RS, EV 101.9 MPH)
|
|
Batting: LHB Chris Raymond
|
0-0: Ball 1-0: Swinging Strike 1-1: Swinging Strike 1-2: Ball 2-2: Foul Ball, location: 2F 2-2: Ball 3-2: Base on Balls Josh Lyon to second
|
|
Batting: RHB Bryan Wheeler
|
0-0: Ball 1-0: Ball 2-0: Ball 3-0: Base on Balls Josh Lyon to third Chris Raymond to second
|
|
Batting: RHB Dan Boykins
|
0-0: Called Strike 0-1: Ball 1-1: SINGLE (Line Drive, 4, EV 95.0 MPH) Josh Lyon scores Chris Raymond to third Bryan Wheeler to second
|
|
Batting: RHB Daniel Samano
|
0-0: Called Strike 0-1: Ball 1-1: Ball 2-1: Foul Ball, location: 2F 2-2: Ball 3-2: Foul Ball, location: 2F 3-2: Base on Balls Chris Raymond scores Bryan Wheeler to third Dan Boykins to second
|
|
Batting: RHB Javier Ochoa
|
0-0: Called Strike 0-1: Foul Ball, location: 2F 0-2: Strikes out swinging
|
|
Batting: SHB Josh Conner
|
0-0: Ground out 6-3 (Groundball, 6M, EV 96.9 MPH)
|
| Bottom of the 8th over - 2 runs, 2 hits, 0 errors, 3 left on base; San Antonio 5 - Springfield 6 |
| TOP OF THE 9TH |
|
San Antonio Missions batting - Pitching for Springfield Cardinals : RHP Mike Foulger
|
|
Pitching: RHP Matt Hamm
|
|
|
Pinch Hitting: LHB Conrad Taylor
|
0-0: Ground out 6-3 (Groundball, 6, EV 100.6 MPH)
|
|
Batting: LHB Tsutomu Miyahara
|
0-0: Ball 1-0: Swinging Strike 1-1: SINGLE (Groundball, 34D, EV 106.9 MPH)
|
|
Batting: LHB Ryan Flynn Jr.
|
0-0: Ball 1-0: Ball 2-0: Called Strike 2-1: Foul Ball, location: 2F 2-2: Ball 3-2: Foul Ball, location: 2F 3-2: Base on Balls Tsutomu Miyahara to second
|
|
Batting: RHB Ryan Flynn
|
0-0: Ball 1-0: Ball 2-0: Called Strike 2-1: Ball 3-1: Foul Ball, location: 2F 3-2: Fielders Choice at 2nd, 3-6 (Groundball, 34, EV 83.8 MPH) Tsutomu Miyahara to third
|
|
Batting: LHB Javy Portela
|
0-0: 3-RUN HOME RUN (Flyball, 9D, EV 99.4 MPH), Distance : 373 ft
|
|
Batting: RHB Scott Schwartz
|
0-0: Ball 1-0: Ball 2-0: Foul Ball, location: 2F 2-1: Called Strike 2-2: Strikes out swinging
|
| Top of the 9th over - 3 runs, 2 hits, 0 errors, 0 left on base; San Antonio 8 - Springfield 6 |
| BOTTOM OF THE 9TH |
|
Springfield Cardinals batting - Pitching for San Antonio Missions : RHP Travis White
|
|
Pitching: LHP Ed Valdez
|
|
|
Now at 3B: Conrad Taylor
|
|
|
Batting: RHB Josh Martin
|
0-0: Foul Ball, location: 2F 0-1: Ball 1-1: Ground out U3 (Groundball, 34S, EV 67.5 MPH)
|
|
Pinch Hitting: RHB Jorge Benites
|
0-0: Called Strike 0-1: Ball 1-1: Ground out 6-3 (Groundball, 6M, EV 77.5 MPH)
|
|
Batting: RHB Josh Lyon
|
0-0: Ball 1-0: Foul Ball, location: 2F 1-1: Foul Ball, location: 2F 1-2: Ground out 4-3 (Groundball, 4, EV 86.2 MPH)
|
| Bottom of the 9th over - 0 runs, 0 hits, 0 errors, 0 left on base; San Antonio 8 - Springfield 6 |
|